 Dungeon Crawl Stone Soup version 0.17.1-2-g5865329 (webtiles) character file.

3906 Jerry the Covert (level 10, -6/62 HPs)
             Began as an Octopode Fighter on Jan 22, 2016.
             Was a Follower of Cheibriados.
             Impaled on a porcupine's spines (11 damage)
             ... on level 8 of the Dungeon on Jan 24, 2016.
             The game lasted 01:07:05 (8604 turns).

Jerry the Covert (Octopode Fighter)                 Turns: 8604, Time: 01:07:05

Health: -6/62      AC:  3    Str: 19    XL:     10   Next: 20%
Magic:  0/13       EV: 14    Int: 13    God:    Cheibriados [*.....]
Gold:   434        SH: 15    Dex: 16    Spells: 0 memorised, 12 levels left

rFire  + + .     SeeInvis .     h - +2 double sword (slice)
rCold  + . .     Clarity  +     b - +5 shield
rNeg   . . .     SustAt   +     (helmet restricted)
rPois  +         Gourm    .     p - amulet of guardian spirit
rElec  +         Spirit   +     B - ring of sustain attributes
rCorr  +         Warding  .     (no ring)
rMut   .         Stasis   .     (no ring)
MR     .....                    (no ring)
Stlth  +++++.....               (no ring)
                                (no ring)
                                (no ring)
                                (no ring)

@: resistant, drained, very slow, not resistant to hostile enchantments, quite
stealthy
A: almost no armour, amphibious, 8 rings, constrict 8, antennae 2, tentacle
spike 1, slimy green scales 1, camouflage 1, clarity, fire resistance 1, frail
1, mutation resistance 1, weak 1, gelatinous body 1
a: Bend Time, Renounce Religion


You were on level 8 of the Dungeon.
You worshipped Cheibriados.
Cheibriados was aware of your devotion.
You were not hungry.

You visited 2 branches of the dungeon, and saw 9 of its levels.

You collected 434 gold pieces.

Inventory:

Hand Weapons
 a - the +2 short sword "Finnuci" {pierce, *Contam Int+2 Dex+4, unknown}
   (You found it on level 6 of the Dungeon)

   It inflicts extra damage upon your enemies.
   It affects your intelligence (+2).
   It affects your dexterity (+4).
   It causes magical contamination when unequipped.
 h - a +2 double sword of slicing (weapon)
 s - a +1 falchion
 J - a cursed +1 long sword
Missiles
 c - 2 tomahawks of returning (quivered)
Armour
 b - a +5 shield (worn)
Jewellery
 p - an amulet of guardian spirit (around mantle)
 B - a ring of sustain attributes (left tentacle)
 E - an uncursed ring of fire
Wands
 m - a wand of digging (16)
 w - a wand of magic darts (37)
 y - a wand of lightning (3)
 D - a wand of flame (20)
Scrolls
 g - 4 scrolls of remove curse
 k - a scroll of identify
 n - 3 scrolls of enchant armour
 o - 2 scrolls of teleportation
 r - a scroll of blinking
 C - a scroll of recharging {unknown}
 G - a scroll of magic mapping {unknown}
 H - a scroll of vulnerability {unknown}
Potions
 e - a potion of cure mutation {unknown}
 i - 2 potions of flight
 l - a potion of lignification {unknown}
 t - 4 potions of resistance
 u - 4 potions of curing
 x - 2 potions of haste {unknown}
 z - a potion of poison {unknown}
 A - a potion of brilliance {unknown}
 I - a potion of magic {unknown}
Comestibles
 d - 10 bread rations
 f - a royal jelly
 j - 27 fruits
 q - 3 meat rations
 v - a slice of pizza
 F - a beef jerky


   Skills:
 + Level 6.9(5.9) Fighting
 + Level 6.1(5.1) Long Blades
 + Level 6.7(5.8) Dodging
 + Level 8.6(7.6) Stealth
 + Level 7.1(6.1) Shields
 + Level 1.5(0.7) Spellcasting
 + Level 4.1(3.2) Invocations


You had 12 spell levels left.
You didn't know any spells.

Dungeon Overview and Level Annotations

Branches:
Dungeon (8/15)             Temple (1/1) D:6
   Lair: D:8-11

Altars:
Ashenzari
Cheibriados
Dithmenos
Elyvilon
Fedhas
Gozag
Kikubaaqudgha
Makhleb
Nemelex Xobeh
Okawaru
Qazlal
Ru
Sif Muna
Trog
Vehumet
Xom
Yredelemnul
Zin
The Shining One

Shops:
D:5 [


Innate Abilities, Weirdness & Mutations

You cannot wear most types of armour.
You are amphibious.
You can wear up to eight rings at the same time.
You can use your tentacles to constrict eight enemies at once.
Your skin changes colour to match your surroundings (Stealth).
Your rubbery body absorbs attacks (AC +1).
You have a pair of antennae on your head.
One of your tentacles bears a spike.
You are partially covered in slimy green scales (AC +2).
You possess an exceptional clarity of mind.
Your flesh is heat resistant.
You are frail (-10% HP).
You are somewhat resistant to further mutation.
You are weak. (Str -2)


Message History

You slash the yak!
You kill the yak!
You block the porcupine's attack.
You are struck by the porcupine's spines.
* * * LOW HITPOINT WARNING * * *
You hit the porcupine. You squeeze the porcupine.
The porcupine is moderately wounded.
The porcupine bites you.
* * * LOW HITPOINT WARNING * * *
You don't have enough magic at the moment.
Drink which item? (? for menu, Esc to quit)
You feel protected. The porcupine closely misses you.
You block the porcupine's attack.
You are struck by the porcupine's spines.
* * * LOW HITPOINT WARNING * * *
You slash the porcupine! Your squeeze misses the porcupine.
The porcupine is almost dead.
The porcupine closely misses you.
You are struck by the porcupine's spines.
You die...

.. .#### ### ...##
#.. ...# #.# #..# #.#
#..# #.###.########
#..#
#............#####..#
#####.######.@r.....#
#.# ########.# #># .#
#. #####.# .# #.#
#.....# .# #.#
#.##### .# #.### #.#
#.# #...# #.# #.
#.#)# #.#
#.######.#.#


You could see a porcupine.

Vanquished Creatures
  The ghost of TugoseryaHuesosov the Cleaver, a novice MiBe of Trog (D:6)
  The ghost of Faustar the Skirmisher, an amateur FoAK of Lugonu (D:4)
  A spriggan (D:7)
  A yak (D:8)
  2 ice beasts
  4 ogres
  3 sky beasts
  3 centaurs
  5 giant frogs
  A wyvern skeleton (D:8)
  3 scorpions
  A crimson imp (D:4)
  9 wights
  2 orc priests (D:7)
  5 hounds
  A jelly (D:7)
  7 orc wizards
  A giant frog skeleton (D:7)
  6 worker ants
  An iguana (D:4)
  8 gnolls
  A worker ant zombie (D:5)
  9 adders
  A shadow imp (D:8)
  An adder zombie (D:7)
  2 adder skeletons
  2 worms
  4 giant geckos
  32 orcs
  7 giant cockroaches
  7 goblins
  10 hobgoblins
  4 jackals (D:5)
  13 kobolds
  A ball python (D:7)
  5 bats
  5 giant newts
  A jackal zombie (D:6)
  2 quokkas (D:4)
  A quokka skeleton (D:4)
  6 rats
  A plant (D:5)
181 creatures vanquished.

Vanquished Creatures (others)
  A fungus (D:8)
  A plant (D:8)
2 creatures vanquished.

Grand Total: 183 creatures vanquished

Notes
Turn   | Place    | Note
--------------------------------------------------------------
     0 | D:1      | Jerry the Octopode Fighter began the quest for the Orb.
     0 | D:1      | Reached XP level 1. HP: 16/16 MP: 1/1
   212 | D:1      | Reached XP level 2. HP: 19/21 MP: 2/2
   351 | D:1      | Reached skill level 1 in Stealth
   351 | D:1      | Reached XP level 3. HP: 14/26 MP: 3/3
  1652 | D:2      | Reached XP level 4. HP: 25/31 MP: 4/4
  2738 | D:4      | Reached XP level 5. HP: 33/36 MP: 5/5
  2797 | D:4      | Noticed an ogre
  2802 | D:4      | Reached skill level 4 in Shields
  3005 | D:4      | Reached XP level 6. HP: 43/43 MP: 6/6
  3151 | D:4      | Noticed Faustar's ghost (amateur FoAK)
  3167 | D:4      | Killed Faustar's ghost
  3167 | D:4      | Reached XP level 7. HP: 5/49 MP: 7/7
  3583 | D:4      | Killed an ogre
  3857 | D:4      | Reached skill level 5 in Shields
  3989 | D:5      | Entered Level 5 of the Dungeon
  4224 | D:5      | Found Kigi's Armour Boutique.
  4256 | D:5      | Reached skill level 5 in Stealth
  4527 | D:5      | Reached skill level 5 in Fighting
  4527 | D:5      | Reached XP level 8. HP: 24/55 MP: 8/8
  5020 | D:5      | Reached skill level 5 in Dodging
  5545 | D:6      | Reached skill level 6 in Stealth
  5968 | D:6      | Gained mutation: You possess an exceptional clarity of mind. [mutagenic meat]
  5969 | D:6      | Gained mutation: One of your tentacles bears a spike. [mutagenic meat]
  5970 | D:6      | Gained mutation: You are weak. (Str -2) [mutagenic meat]
  5971 | D:6      | Gained mutation: You have a pair of small antennae on your head. [mutagenic meat]
  6220 | D:6      | Identified a scroll of acquirement
  6228 | D:6      | Found a staircase to the Ecumenical Temple.
  6235 | Temple   | Entered the Ecumenical Temple
  6258 | Temple   | Became a worshipper of Cheibriados the Contemplative
  6501 | D:6      | Got a crude short sword
  6611 | D:6      | Reached skill level 5 in Long Blades
  6734 | D:6      | Reached XP level 9. HP: 62/62 MP: 9/9
  6745 | D:6      | Noticed TugoseryaHuesosov's ghost (novice MiBe)
  6764 | D:6      | Killed TugoseryaHuesosov's ghost
  6764 | D:6      | Reached skill level 7 in Stealth
  6764 | D:6      | Reached skill level 1 in Invocations
  6959 | D:6      | Found a shattered altar of Ashenzari.
  7260 | D:7      | Reached * piety under Cheibriados
  7312 | D:7      | Reached skill level 8 in Stealth
  7992 | D:8      | Gained mutation: You have a pair of antennae on your head. [mutagenic meat]
  7993 | D:8      | Gained mutation: You are partially covered in slimy green scales (AC +2). [mutagenic meat]
  7994 | D:8      | Gained mutation: You are frail (-10% HP). [mutagenic meat]
  7996 | D:8      | Gained mutation: Your flesh is heat resistant. [mutagenic meat]
  7997 | D:8      | Gained mutation: You are somewhat resistant to further mutation. [mutagenic meat]
  8093 | D:8      | Reached XP level 10. HP: 62/62 MP: 12/12
  8107 | D:8      | Reached skill level 1 in Spellcasting
  8136 | D:8      | Found an iron altar of Okawaru.
  8604 | D:8      | Impaled on a porcupine's spines

Action                   |  1- 3 |  4- 6 |  7- 9 | 10-12 || total
-------------------------+-------+-------+-------+-------++-------
Melee: Long sword        |    66 |    25 |       |       ||    91
       Falchion          |       |    97 |   147 |       ||   244
       Double sword      |       |       |   105 |    38 ||   143
Throw: Tomahawk          |       |       |     3 |       ||     3
Invok: Bend Time         |       |       |     1 |     2 ||     3
  Use: Potion            |       |     1 |     4 |     1 ||     6
       Scroll            |       |       |    17 |       ||    17
 Stab: Sleeping          |     7 |     8 |    19 |     3 ||    37
       Distracted        |       |     1 |     1 |       ||     2
  Eat: Chunk             |     2 |     5 |    22 |       ||    29
       Bread ration      |       |       |     1 |       ||     1
